AoeStats
← numba one

Arena

507801432Analyzed
3v3 RM · 13d ago on Sep 19, 2026· 47m 36s· 6 players
Game mode
Random Map
Map size
Normal (6 player)
Population
200
Speed
Normal
Resources
Standard
Victory
Conquest
Starting age
Dark Age
Ending age
Imperial Age
RankedLock teamsTeams togetherTeam positionsShared explorationLock speedFull tech treeHidden civsTurbo modeCheats
Victory
Defeat
🇨🇴 Teutons · Colombia
1040
+13
🇷🇴 Ethiopians · Romania
985
+15
🇷🇴 Chinese · Romania
977
+16
🇮🇳 Bohemians · India
1000
-48
🇮🇳 Franks · India
955
-35
🇮🇳 Romans · India
952
-33
Legend Killer
0:28 Loom
11:24 Feudal Age
16:21 Castle Age
14:45 Horse Collar
15:06 Double-Bit Axe
26:32 Bow Saw
26:38 Heavy Plow
31:59 Imperial Age
30:07 Wheelbarrow
30:43 Forging
30:24 Fletching
30:34 Padded Archer Armor
30:35 Scale Mail Armor
31:00 Ballistics
31:23 Hand Cart
32:17 Elite Fire Lancer
33:38 Iron Casting
32:58 Bodkin Arrow
33:19 Leather Archer Armor
34:05 Chemistry
33:01 Murder Holes
33:10 Gold Mining
33:10 Stone Mining
33:29 Elite Chu Ko Nu
34:30 Conscription
36:05 Bombard Tower
36:55 Two-Man Saw
35:34 Heavy Rocket Cart
38:20 Blast Furnace
37:21 Bracer
37:51 Ring Archer Armor
37:36 Chain Mail Armor
40:07 Block Printing
40:02 Fervor
40:18 Illumination
39:53 Atonement
39:54 Devotion
40:14 Sanctity
43:04 Plate Mail Armor
43:46 Rocketry
numba one
9:19 Feudal Age
14:33 Castle Age
13:59 Double-Bit Axe
14:06 Horse Collar
19:38 Wheelbarrow
22:39 Bow Saw
27:04 Squires
26:49 Arson
31:13 Imperial Age
28:33 Loom
30:12 Hand Cart
29:45 Town Watch
29:46 Loom
30:35 Scale Mail Armor
30:45 Forging
31:18 Royal Heirs
32:05 Chain Mail Armor
31:49 Stone Mining
31:58 Halberdier
33:21 Iron Casting
32:09 Elite Shotel Warrior
33:15 Conscription
33:49 Plate Mail Armor
33:42 Fortified Wall
33:54 Ballistics
34:34 Chemistry
33:45 Masonry
35:16 Blast Furnace
34:07 Fletching
34:18 Padded Archer Armor
34:24 Scale Barding Armor
36:20 Gold Mining
36:41 Heavy Plow
41:59 Chain Barding Armor
41:35 Bodkin Arrow
41:55 Leather Archer Armor
JeiDeSAI
8:08 Loom
10:28 Feudal Age
11:20 Town Watch
12:46 Fletching
21:18 Wheelbarrow
29:59 Castle Age
28:51 Forging
28:41 Scale Mail Armor
29:59 Pikeman
30:50 Squires
30:53 Man-at-Arms
32:20 Long Swordsman
37:10 Arson
37:11 Gambesons
37:52 Gold Mining
42:55 Fortified Wall
43:52 Hand Cart
47:30 Imperial Age
45:57 Iron Casting
46:02 Chain Mail Armor
morphocosta24
13:00 Feudal Age
19:21 Man-at-Arms
31:56 Castle Age
34:11 Long Swordsman
37:45 Squires
.::Kleptomaniac::.
7:32 Loom
12:49 Feudal Age
14:35 Man-at-Arms
19:13 Castle Age
19:19 Long Swordsman
20:00 Squires
28:58 Scale Mail Armor
29:09 Forging
37:21 Imperial Age
36:04 Padded Archer Armor
35:54 Fletching
38:19 Fletching
42:49 Wheelbarrow
42:02 Double-Bit Axe
42:41 Leather Archer Armor
42:21 Bodkin Arrow
shishirnath
13:01 Feudal Age
18:03 Castle Age
15:52 Double-Bit Axe
16:03 Gold Mining
19:31 Forging
19:26 Scale Barding Armor
21:02 Bow Saw
23:08 Husbandry
Connection lost

Rejoining the realm…

Still unreachable

The connection could not be restored.

Session expired

The server has moved on; the page needs a fresh start.